[Event "40th Eastman Open Ghent"]
[Site "Ghent"]
[Date "2017.07.19"]
[Round "9"]
[White "Kitze, Alexander"]
[Black "Cordts, Ingo"]
[Result "1-0"]
[ECO "C54"]
[WhiteElo "2177"]
[BlackElo "2259"]
[Annotator "ChessBase"]
[PlyCount "113"]
[EventDate "2017.??.??"]
[EventType "swiss"]
[EventCountry "BEL"]
[SourceTitle "playchess.com"]
[Source "ChessBase"]
[SourceQuality "1"]
[TimeControl "7200"]

1. e4 e5 2. Nf3 Nc6 3. Bc4 Bc5 4. c3 Nf6 5. d3 a6 6. O-O Ba7 7. Re1 O-O 8. a4 d6 9. Na3 Ne7 10. Nc2 c6 11. Be3 Ng6 12. Bxa7 Rxa7 13. d4 exd4 14. Qxd4 c5 15. Qd2 Re8 16. e5 Nxe5 17. Nxe5 dxe5 18. Qxd8 Rxd8 19. Rxe5 b6 20. Rae1 Kf8 21. b4 Rc7 22. bxc5 Rxc5 23. Rxc5 bxc5 24. Ne3 Ne4 25. Rd1 Re8 26. Nd5 Bb7 27. Nc7 Nxc3 28. Nxe8 Nxd1 29. Nd6 Bc6 30. Bxa6 Ke7 31. Nc8+ Kd7 32. Nb6+ Kc7 33. a5 Nc3 34. Bc4 f6 35. Kf1 Bb5 36. Bxb5 Nxb5 37. Ke2 Nd4+ 38. Kd3 Kc6 39. Kc4 Nf5 40. Nc8 Kc7 41. Nb6 Kc6 42. Nc8 Nh4 43. g3 Nf3 44. Ne7+ Kb7 45. Kb5 Nd4+ 46. Kxc5 Ne6+ 47. Kd6 Ng5 48. f4 Nf3 49. h4 h5 50. Ke6 g5 51. Nf5 gxf4 52. gxf4 Ng1 53. Kxf6 Nh3 54. Ke5 Ka6 55. Ng3 Ng1 56. Ke4 Kxa5 57. f5 1-0

[Event "40th Eastman Open Ghent"]
[Site "Ghent"]
[Date "2017.07.19"]
[Round "9"]
[White "Van der Valk, Niklas"]
[Black "Hamblok, Roel"]
[Result "1/2-1/2"]
[ECO "E11"]
[WhiteElo "2172"]
[BlackElo "2305"]
[Annotator "NA"]
[PlyCount "24"]
[EventDate "2017.??.??"]
[EventType "swiss"]
[EventCountry "BEL"]
[SourceTitle "playchess.com"]
[Source "ChessBase"]
[SourceQuality "1"]
[TimeControl "7200"]

1. d4 Nf6 2. c4 e6 3. g3 Bb4+ 4. Bd2 Qe7 5. Nf3 Nc6 6. Nc3 {[%emt 0:00:35] LiveBook: 1551 Games} O-O 7. d5 Nb8 8. Bg2 e5 9. e3 d6 10. Qc2 a5 11. O-O Nbd7 $11 12. b3 Nc5 1/2-1/2